[Event "26th Zadar Open 2019"]
[Site "Zadar"]
[Date "2019.12.17"]
[Round "4.18"]
[White "Galperin, Platon"]
[Black "Gelbenegger, Patrick"]
[Result "1/2-1/2"]
[ECO "C96"]
[WhiteElo "2462"]
[BlackElo "2267"]
[Annotator "ChessBase"]
[PlyCount "144"]
[EventDate "2019.12.15"]
[EventType "swiss"]
[EventCountry "CRO"]
[SourceTitle "playchess.com"]
[Source "ChessBase"]
[SourceQuality "1"]
[TimeControl "40/5400+30:1800+30"]

1. e4 e5 2. Nf3 Nc6 3. Bb5 a6 4. Ba4 Nf6 5. O-O b5 6. Bb3 Be7 7. Re1 d6 8. c3 O-O 9. h3 Na5 10. Bc2 c5 11. d4 cxd4 12. cxd4 Qc7 13. Nc3 Bb7 14. d5 Rfc8 15. Bd3 Nc4 16. Ne2 Nh5 17. b3 Nb6 18. g4 Nf6 19. Ng3 g6 20. Be3 Nbd7 21. g5 Ne8 22. h4 Qd8 23. h5 Rc3 24. Bf1 Rxe3 25. Rxe3 Bxg5 26. Nxg5 Qxg5 27. Bh3 Ndf6 28. hxg6 hxg6 29. Rc1 Nh5 30. Kf1 Nf4 31. Ne2 Nf6 32. Nxf4 exf4 33. Re1 a5 34. Qf3 b4 35. Qg2 Qh5 36. f3 Kg7 37. Rc7 Ba6+ 38. Kg1 Rh8 39. Be6 Rf8 40. Rec1 Nh7 41. Qg4 Qe5 42. Bxf7 Ng5 43. Be6+ Kf6 44. Qg2 Rh8 45. Rd1 Bd3 46. Rxd3 Qa1+ 47. Kf2 Rh1 48. e5+ dxe5 49. Qxh1 Qxh1 50. Rc6 Qh2+ 51. Ke1 Qg1+ 52. Kd2 Kg7 53. Rc7+ Kf6 54. Bg8 Nxf3+ 55. Rxf3 Qg2+ 56. Kc1 Qxf3 57. d6 Qe3+ 58. Kc2 Qe2+ 59. Kc1 Qe1+ 60. Kc2 Qe4+ 61. Kc1 f3 62. Bc4 Qe3+ 63. Kc2 Qc3+ 64. Kb1 f2 65. Rf7+ Kg5 66. d7 Qd2 67. Bb5 Qd1+ 68. Kb2 Qd2+ 69. Kb1 Qd1+ 70. Kb2 Qd4+ 71. Kb1 Qd1+ 72. Kb2 Qd2+ 1/2-1/2

[Event "26th Zadar Open 2019"]
[Site "Zadar"]
[Date "2019.12.17"]
[Round "4.19"]
[White "Spalir, Jernej"]
[Black "Hrescak, Ivana"]
[Result "1-0"]
[ECO "B91"]
[WhiteElo "2429"]
[BlackElo "2194"]
[Annotator "NA"]
[PlyCount "115"]
[EventDate "2019.12.15"]
[EventType "swiss"]
[EventCountry "CRO"]
[SourceTitle "playchess.com"]
[Source "ChessBase"]
[SourceQuality "1"]
[TimeControl "40/5400+30:1800+30"]

1. e4 c5 2. Nf3 d6 3. d4 cxd4 4. Nxd4 Nf6 5. Nc3 a6 6. g3 e5 7. Nde2 Be7 8. a4 O-O 9. Bg2 Nc6 10. O-O Be6 11. Nd5 Bxd5 12. exd5 Nb8 13. a5 Nbd7 14. h3 Rc8 15. Be3 Ne8 16. Qd2 f5 17. Rfc1 Nef6 18. c4 Nc5 19. Qd1 h6 20. b4 Nce4 21. Qd3 Qd7 22. h4 Rf7 23. Bb6 Nh7 24. Bxe4 fxe4 25. Qxe4 Nf6 26. Qg2 Qg4 27. f3 Qf5 28. Rc3 e4 29. f4 Qg4 30. Re1 Qd7 31. Ra1 Qg4 32. Raa3 g5 33. fxg5 hxg5 34. hxg5 Qxg5 35. Nf4 Qg4 36. Qe2 Qxe2 37. Nxe2 Ng4 38. c5 Ne5 39. Nf4 Nf3+ 40. Kf2 Bf6 41. Rxf3 exf3 42. cxd6 Be5 43. Bc7 Rd7 44. Kxf3 Bxd6 45. Bxd6 Rxd6 46. Ke4 Kf7 47. Ke5 Ke7 48. g4 Rc4 49. Rh3 Rf6 50. d6+ Rxd6 51. Rh7+ Ke8 52. Kxd6 Rxf4 53. Rxb7 Rxg4 54. Kc7 Rc4+ 55. Kb8 Kd8 56. Ka7 Rc6 57. Rb6 Rc7+ 58. Kxa6 1-0

[Event "26th Zadar Open 2019"]
[Site "Zadar"]
[Date "2019.12.17"]
[Round "4.20"]
[White "Nester, Ihor"]
[Black "de Francesco, Klaus"]
[Result "1-0"]
[ECO "E17"]
[WhiteElo "2329"]
[BlackElo "2273"]
[Annotator "NA"]
[PlyCount "109"]
[EventDate "2019.12.15"]
[EventType "swiss"]
[EventCountry "CRO"]
[SourceTitle "playchess.com"]
[Source "ChessBase"]
[SourceQuality "1"]
[TimeControl "40/5400+30:1800+30"]

1. Nf3 Nf6 2. c4 b6 3. g3 Bb7 4. Bg2 e6 5. O-O Be7 6. d4 O-O 7. Re1 Na6 8. Nc3 d5 9. cxd5 exd5 10. Bf4 Re8 11. Ne5 c5 12. dxc5 Nxc5 13. Rc1 Bd6 14. Nd3 Nxd3 15. Qxd3 Bxf4 16. gxf4 Rc8 17. e3 Qd7 18. Ne2 Qa4 19. a3 Ba6 20. Qd4 Qb3 21. Ng3 Rc2 22. Rxc2 Qxc2 23. Bh3 Bd3 24. Qb4 h5 25. Bf1 Bxf1 26. Kxf1 h4 27. Ne2 Qf5 28. Nd4 Qh3+ 29. Ke2 Qxh2 30. Nf3 Qh3 31. Rg1 Rc8 32. Nd4 Qh2 33. Qe1 Ne4 34. Kf3 Qh3+ 35. Ke2 Qd7 36. Qf1 h3 37. f5 h2 38. Rh1 Qc7 39. Qg2 Qc4+ 40. Kf3 Nd2+ 41. Kg4 Qc7 42. Rxh2 Ne4 43. Qh1 Nf6+ 44. Kf3 Kf8 45. Rh8+ Ke7 46. Rxc8 Qxc8 47. Qh2 Qc1 48. Kg2 Qc8 49. b4 a5 50. Qg3 axb4 51. axb4 Qc4 52. Qxg7 Qc7 53. b5 Ne8 54. Nc6+ Kd6 55. Qf8+ 1-0

[Event "26th Zadar Open 2019"]
[Site "Zadar"]
[Date "2019.12.17"]
[Round "4.21"]
[White "Deglmann, Ludwig"]
[Black "Sinanovic, Muhamed"]
[Result "0-1"]
[ECO "B20"]
[WhiteElo "2261"]
[BlackElo "2309"]
[Annotator "NA"]
[PlyCount "78"]
[EventDate "2019.12.15"]
[EventType "swiss"]
[EventCountry "CRO"]
[SourceTitle "playchess.com"]
[Source "ChessBase"]
[SourceQuality "1"]
[TimeControl "40/5400+30:1800+30"]

1. f4 c5 2. Nf3 Nc6 3. d3 g6 4. g3 Bg7 5. Bg2 d6 6. O-O e6 7. c3 Nge7 8. Na3 O-O 9. e4 f5 10. Be3 b6 11. Bf2 Rb8 12. Re1 h6 13. exf5 exf5 14. d4 Ba6 15. b4 cxb4 16. cxb4 Bb7 17. Qb3+ Kh7 18. Nc2 Ng8 19. d5 Nce7 20. Nfd4 Qd7 21. Rad1 Rfe8 22. Ne6 Bh8 23. Ne3 Nf6 24. Re2 Nexd5 25. Nxd5 Rxe6 26. Nxf6+ Rxf6 27. Bd4 Rf7 28. Bxh8 Rxh8 29. Rxd6 Qc7 30. g4 Rg7 31. Red2 Bxg2 32. Kxg2 fxg4 33. f5 Qb7+ 34. Kg1 Rf8 35. fxg6+ Kh8 36. Rd8 Qe7 37. Rxf8+ Qxf8 38. Qe6 Re7 39. Qc4 Re1+ 0-1

[Event "26th Zadar Open 2019"]
[Site "Zadar"]
[Date "2019.12.17"]
[Round "4.22"]
[White "Guttenthaler, Franz"]
[Black "Sahil, Tickoo"]
[Result "1-0"]
[ECO "E01"]
[WhiteElo "2304"]
[BlackElo "2259"]
[Annotator "NA"]
[PlyCount "61"]
[EventDate "2019.12.15"]
[EventType "swiss"]
[EventCountry "CRO"]
[SourceTitle "playchess.com"]
[Source "ChessBase"]
[SourceQuality "1"]
[TimeControl "40/5400+30:1800+30"]

1. d4 d5 2. c4 e6 3. Nf3 Nf6 4. g3 Bb4+ $11 5. Bd2 Bd6 6. Bg2 O-O 7. O-O c6 8. Nc3 dxc4 9. e4 Be7 10. a4 c5 11. e5 Nd5 12. dxc5 Nxc3 13. Bxc3 Bxc5 14. Nd2 Nc6 15. Nxc4 Rb8 16. Qg4 Qc7 17. Rfd1 Rd8 18. Nd6 a5 19. Rac1 Bd7 20. h4 Be8 21. h5 h6 22. Be4 Bb4 23. Bb1 Bxc3 24. Rxc3 Nxe5 25. Qe4 Qxd6 26. Rxd6 Rxd6 27. Qxe5 Rd1+ 28. Kg2 Rbd8 29. Be4 R1d2 30. Qxa5 R8d4 31. Rc8 1-0

[Event "26th Zadar Open 2019"]
[Site "Zadar"]
[Date "2019.12.17"]
[Round "4.23"]
[White "Ly, Dominik"]
[Black "Plenkovic, Zdenko"]
[Result "0-1"]
[ECO "E92"]
[WhiteElo "2220"]
[BlackElo "2355"]
[Annotator "NA"]
[PlyCount "78"]
[EventDate "2019.12.15"]
[EventType "swiss"]
[EventCountry "CRO"]
[SourceTitle "playchess.com"]
[Source "ChessBase"]
[SourceQuality "1"]
[TimeControl "40/5400+30:1800+30"]

1. c4 g6 2. e4 Bg7 3. d4 d6 4. Nc3 Nf6 5. Nf3 O-O 6. Be2 e5 7. d5 a5 8. Bg5 h6 9. Bh4 Na6 10. Nd2 Bd7 11. O-O Qe8 12. b3 h5 13. f3 Nh7 14. a3 Bh6 15. Rb1 Be3+ 16. Kh1 Bc5 17. Qc1 f5 18. exf5 gxf5 19. f4 e4 20. Re1 Qg6 21. Nf1 Nf6 22. h3 c6 23. Ne3 Rac8 24. Nc2 cxd5 25. Bxf6 Rxf6 26. Nxd5 Rf7 27. Qd2 Kh7 28. Bf1 Be6 29. b4 Ba7 30. Nde3 Qg3 31. c5 dxc5 32. b5 Bb8 33. Nd5 Nc7 34. Re3 Qg7 35. Nb6 Rg8 36. Bc4 Bxc4 37. Nxc4 Ne6 38. g3 h4 39. Qd5 Nxf4 0-1

[Event "26th Zadar Open 2019"]
[Site "Zadar"]
[Date "2019.12.17"]
[Round "4.24"]
[White "Ascic, Pero"]
[Black "Stocko, Josip"]
[Result "1/2-1/2"]
[ECO "B81"]
[WhiteElo "2310"]
[BlackElo "2267"]
[Annotator "NA"]
[PlyCount "81"]
[EventDate "2019.12.15"]
[EventType "swiss"]
[EventCountry "CRO"]
[SourceTitle "playchess.com"]
[Source "ChessBase"]
[SourceQuality "1"]
[TimeControl "40/5400+30:1800+30"]

1. e4 c5 2. Nf3 d6 3. d4 cxd4 4. Nxd4 Nf6 5. Nc3 a6 $11 6. h3 e6 7. g4 Be7 8. Bg2 Nfd7 9. O-O O-O 10. a4 Nc6 11. Be3 Qc7 12. Nce2 Nxd4 13. Bxd4 e5 14. Be3 b6 15. Qd2 Bb7 16. Nc3 Rfc8 17. Rfc1 Nf8 18. Nd5 Bxd5 19. exd5 a5 20. Ra3 h6 21. Rc3 Qd8 22. Rc6 Bg5 23. Bxg5 hxg5 24. Qe3 Rab8 25. Rd1 Ng6 26. Qa3 Nf4 27. Rxd6 Qf8 28. Rc6 Nxg2 29. Kxg2 Rxc6 30. dxc6 Qxa3 31. bxa3 Rc8 32. Rd6 Kf8 33. c7 Rxc7 34. Rxb6 Rxc2 35. Rb5 f6 36. Rxa5 Rc3 37. Ra8+ Kf7 38. a5 Rxa3 39. Ra7+ Ke6 40. a6 Kd5 41. Rxg7 1/2-1/2

[Event "26th Zadar Open 2019"]
[Site "Zadar"]
[Date "2019.12.17"]
[Round "4.25"]
[White "Zelic, Mladen"]
[Black "Sutkovic, Damir"]
[Result "1/2-1/2"]
[ECO "B11"]
[WhiteElo "2254"]
[BlackElo "2292"]
[Annotator "NA"]
[PlyCount "89"]
[EventDate "2019.12.15"]
[EventType "swiss"]
[EventCountry "CRO"]
[SourceTitle "playchess.com"]
[Source "ChessBase"]
[SourceQuality "1"]
[TimeControl "40/5400+30:1800+30"]

1. e4 c6 2. Nc3 d5 3. Nf3 Bg4 4. h3 Bxf3 5. Qxf3 e6 6. d4 Nf6 7. Bd3 dxe4 8. Nxe4 Nxe4 9. Qxe4 Nd7 10. c3 Nf6 11. Qe2 Bd6 12. O-O Qc7 13. a4 Bf4 14. b4 Bxc1 15. Raxc1 O-O 16. f4 Rfe8 17. Rf2 a5 18. Qe5 Rec8 19. f5 Qxe5 20. dxe5 Nd5 21. fxe6 fxe6 22. bxa5 Rxa5 23. Rb1 Rb8 24. c4 Nc3 25. Rbf1 Rxe5 26. Rf7 Nxa4 27. Rc7 Nc5 28. Rff7 Rg5 29. h4 Rg4 30. Be2 Rxh4 31. Rxg7+ Kh8 32. Rg5 Nb3 33. Rgg7 Nd4 34. Bd3 b5 35. cxb5 cxb5 36. g3 Rh6 37. Rxh7+ Rxh7 38. Rxh7+ Kg8 39. Rd7 e5 40. Kg2 b4 41. Re7 b3 42. Rxe5 b2 43. Re4 Rb3 44. Rxd4 Rxd3 45. Rb4 1/2-1/2

[Event "26th Zadar Open 2019"]
[Site "Zadar"]
[Date "2019.12.18"]
[Round "5.1"]
[White "Yeoh, Li Tian"]
[Black "Brkic, Ante"]
[Result "0-1"]
[ECO "C00"]
[WhiteElo "2530"]
[BlackElo "2576"]
[Annotator "ChessBase"]
[PlyCount "108"]
[EventDate "2019.12.15"]
[EventType "swiss"]
[EventCountry "CRO"]
[SourceTitle "playchess.com"]
[Source "ChessBase"]
[SourceQuality "1"]
[TimeControl "40/5400+30:1800+30"]

1. Nf3 Nf6 2. g3 d5 3. Bg2 e6 4. O-O Be7 5. d3 c5 6. Nbd2 Nc6 7. e4 O-O 8. Re1 b5 9. e5 Nd7 10. Nf1 Bb7 11. h4 Qc7 12. Bf4 Rfc8 13. h5 h6 14. Ne3 Qd8 15. c3 a5 16. a4 b4 17. Ng4 bxc3 18. bxc3 Bf8 19. Bc1 Qc7 20. Qe2 Ra6 21. Nd2 Ne7 22. f4 Nf5 23. Nf1 Bc6 24. Nge3 Nxe3 25. Nxe3 d4 26. Nc4 dxc3 27. Qc2 Nb6 28. Qxc3 Nxa4 29. Qc2 Nb6 30. Rxa5 Rxa5 31. Nxa5 Bxg2 32. Kxg2 Nd5 33. Bd2 Ra8 34. Nb3 Ra3 35. Rb1 Qa7 36. Kh3 Qa8 37. Qd1 Qa4 38. Qc2 Qa8 39. Qd1 Nb4 40. Nxc5 Nxd3 41. Nxd3 Rxd3 42. Qe2 Qd5 43. Ba5 Ra3 44. Bb6 Ra2 45. Rb2 Ra1 46. Qe3 Rh1+ 47. Rh2 Qd1 48. g4 Rxh2+ 49. Kxh2 Qxg4 50. Qd4 Qxh5+ 51. Kg3 g5 52. fxg5 Qxg5+ 53. Kf3 Bg7 54. Bc7 Qf5+ 0-1

[Event "26th Zadar Open 2019"]
[Site "Zadar"]
[Date "2019.12.18"]
[Round "5.2"]
[White "Blohberger, Felix"]
[Black "Stany, G.A."]
[Result "1-0"]
[ECO "B90"]
[WhiteElo "2434"]
[BlackElo "2526"]
[Annotator "ChessBase"]
[PlyCount "81"]
[EventDate "2019.12.15"]
[EventType "swiss"]
[EventCountry "CRO"]
[SourceTitle "playchess.com"]
[Source "ChessBase"]
[SourceQuality "1"]
[TimeControl "40/5400+30:1800+30"]

1. e4 c5 2. Nf3 d6 3. d4 cxd4 4. Nxd4 Nf6 5. Nc3 a6 6. Be3 Nbd7 7. g4 h6 8. Rg1 b5 9. f3 Bb7 10. a3 Rc8 11. Qd2 e5 12. Nb3 d5 13. exd5 Nb6 14. Na5 Bxd5 15. O-O-O b4 16. Bxb6 bxc3 17. Qe3 Qd7 18. Bxa6 Be7 19. Bxc8 cxb2+ 20. Kb1 Qxc8 21. Qxe5 Be6 22. Qb5+ Bd7 23. Qe2 Be6 24. Qb5+ Bd7 25. Qe5 Be6 26. f4 O-O 27. f5 Nd5 28. Rxd5 Bf6 29. Qd6 Bxd5 30. Qxd5 Qa6 31. Qb7 Qxb7 32. Nxb7 Rb8 33. Nc5 Rxb6 34. Nd7 Bd4 35. Rd1 Rd6 36. c3 Be5 37. Rxd6 Bxd6 38. a4 Bxh2 39. a5 Bg1 40. c4 Ba7 41. c5 1-0

[Event "26th Zadar Open 2019"]
[Site "Zadar"]
[Date "2019.12.18"]
[Round "5.3"]
[White "Saric, Ante"]
[Black "Predojevic, Borki"]
[Result "1/2-1/2"]
[ECO "E05"]
[WhiteElo "2556"]
[BlackElo "2616"]
[Annotator "RC"]
[PlyCount "34"]
[EventDate "2019.12.15"]
[EventType "swiss"]
[EventCountry "CRO"]
[SourceTitle "playchess.com"]
[Source "ChessBase"]
[SourceQuality "1"]
[TimeControl "40/5400+30:1800+30"]

1. d4 Nf6 2. c4 e6 3. Nf3 d5 4. g3 Be7 5. Bg2 O-O 6. O-O dxc4 7. Ne5 Nc6 8. Bxc6 bxc6 9. Nxc6 Qe8 10. Nxe7+ Qxe7 11. Qa4 e5 12. dxe5 Qxe5 13. Qxc4 Be6 14. Qc2 Bf5 15. Qc4 Be6 16. Qc2 Bf5 17. Qc4 Be6 1/2-1/2

[Event "26th Zadar Open 2019"]
[Site "Zadar"]
[Date "2019.12.18"]
[Round "5.4"]
[White "Mosesov, Danyil"]
[Black "Pecnik, Leo"]
[Result "1-0"]
[ECO "E90"]
[WhiteElo "2290"]
[BlackElo "2326"]
[Annotator "NA"]
[PlyCount "53"]
[EventDate "2019.12.15"]
[EventType "swiss"]
[EventCountry "CRO"]
[SourceTitle "playchess.com"]
[Source "ChessBase"]
[SourceQuality "1"]
[TimeControl "40/5400+30:1800+30"]

1. d4 Nf6 2. c4 g6 3. Nc3 Bg7 4. e4 d6 5. h3 O-O $14 6. Be3 c5 7. Nf3 cxd4 8. Nxd4 b6 9. Qd2 Bb7 10. f3 Nbd7 11. O-O-O a6 12. Bh6 e5 13. Bxg7 Kxg7 14. Nc2 d5 15. exd5 b5 16. cxb5 Qa5 17. Na3 axb5 18. Bxb5 Nc5 19. Qe3 Rfc8 20. d6 Na4 21. Bxa4 Rxc3+ 22. Qxc3 Rc8 23. Nc4 Qxa4 24. b3 Qxa2 25. d7 Nxd7 26. Rxd7 Ba6 27. Rd2 1-0

[Event "26th Zadar Open 2019"]
[Site "Zadar"]
[Date "2019.12.18"]
[Round "5.5"]
[White "Dev, Shah"]
[Black "Rezan, Sasa"]
[Result "1-0"]
[ECO "E46"]
[WhiteElo "2242"]
[BlackElo "2415"]
[Annotator "NA"]
[PlyCount "63"]
[EventDate "2019.12.15"]
[EventType "swiss"]
[EventCountry "CRO"]
[SourceTitle "playchess.com"]
[Source "ChessBase"]
[SourceQuality "1"]
[TimeControl "40/5400+30:1800+30"]

1. d4 Nf6 2. c4 e6 3. Nc3 Bb4 4. e3 O-O 5. Nge2 d5 6. a3 Bd6 7. Ng3 c6 $11 8. Bd3 e5 9. cxd5 cxd5 10. Nb5 Bg4 11. f3 e4 12. Nxd6 Qxd6 13. fxg4 exd3 14. Qxd3 Nxg4 15. O-O Nc6 16. Rf4 Nh6 17. Bd2 Rae8 18. Raf1 Re6 19. Bc3 Rfe8 20. R1f3 a6 21. Rh4 Qe7 22. Rh5 Qd8 23. Nf5 Nxf5 24. Qxf5 h6 25. Qxf7+ Kh8 26. Qxb7 R8e7 27. Qb3 Rxe3 28. Qxd5 Qe8 29. Rhf5 Rxf3 30. Qxf3 Kh7 31. Rf8 Qg6 32. Qf5 1-0

[Event "26th Zadar Open 2019"]
[Site "Zadar"]
[Date "2019.12.18"]
[Round "5.6"]
[White "Kozul, Zdenko"]
[Black "Lye, Lik Zang"]
[Result "1-0"]
[ECO "A35"]
[WhiteElo "2590"]
[BlackElo "2379"]
[Annotator "ChessBase"]
[PlyCount "153"]
[EventDate "2019.12.15"]
[EventType "swiss"]
[EventCountry "CRO"]
[SourceTitle "playchess.com"]
[Source "ChessBase"]
[SourceQuality "1"]
[TimeControl "40/5400+30:1800+30"]

1. Nf3 c5 2. c4 Nc6 3. e3 e5 4. Nc3 f5 5. d4 e4 6. d5 exf3 7. dxc6 dxc6 8. Qxd8+ Kxd8 9. gxf3 Nf6 10. b3 Bd6 11. Bb2 Ke7 12. O-O-O Be6 13. f4 Bc7 14. Na4 b6 15. Bg2 Ng4 16. Rdf1 Bd7 17. Bf3 Rhg8 18. h3 Nf6 19. Rfg1 g6 20. Rg2 Rad8 21. Ba1 Bd6 22. Rhg1 b5 23. Bxf6+ Kxf6 24. Nb2 Kf7 25. h4 Be7 26. Nd3 Bd6 27. Kc2 Be6 28. Kc3 bxc4 29. bxc4 Bc7 30. Bxc6 Ba5+ 31. Kc2 Kf6 32. Bb5 Rd6 33. Nxc5 Bxc4 34. Bxc4 Rc8 35. Nb3 Rxc4+ 36. Kb1 Bb4 37. h5 Kf7 38. hxg6+ hxg6 39. Rh2 a5 40. Rh7+ Kf6 41. Ra7 Rb6 42. Rd1 Bc3 43. Kc2 Bb4+ 44. Kd3 Rc3+ 45. Ke2 Rc2+ 46. Kf3 Rxa2 47. Rdd7 Be1 48. Rf7+ Ke6 49. Nc5+ Kd5 50. Nd3 Bb4 51. Rg7 Kc4 52. Nxb4 Kxb4 53. Rab7 Rxb7 54. Rxb7+ Ka3 55. Rb6 a4 56. Rxg6 Rb2 57. Re6 Rb5 58. e4 Kb4 59. exf5 a3 60. f6 a2 61. Ra6 Ra5 62. f7 Rf5 63. Rxa2 Rxf7 64. Kg4 Kc5 65. Rd2 Rf8 66. f5 Rg8+ 67. Kh5 Rf8 68. Kg6 Rg8+ 69. Kf7 Rg4 70. f6 Rf4 71. Ke7 Re4+ 72. Kf8 Rf4 73. f7 Kc6 74. f3 Rxf3 75. Rg2 Kd7 76. Kg7 Ke7 77. Re2+ 1-0

[Event "26th Zadar Open 2019"]
[Site "Zadar"]
[Date "2019.12.18"]
[Round "5.7"]
[White "Livaic, Leon"]
[Black "Bhambure, Shantanu"]
[Result "0-1"]
[ECO "E14"]
[WhiteElo "2505"]
[BlackElo "2340"]
[Annotator "ChessBase"]
[PlyCount "74"]
[EventDate "2019.12.15"]
[EventType "swiss"]
[EventCountry "CRO"]
[SourceTitle "playchess.com"]
[Source "ChessBase"]
[SourceQuality "1"]
[TimeControl "40/5400+30:1800+30"]

1. d4 Nf6 2. c4 e6 3. Nf3 b6 4. e3 Bb7 5. Bd3 d5 6. Nbd2 Nbd7 7. O-O Bd6 8. Qc2 O-O 9. e4 dxe4 10. Nxe4 Nxe4 11. Bxe4 Bxe4 12. Qxe4 c5 13. Rd1 Qc7 14. b3 Rfd8 15. Bg5 Nf6 16. Bxf6 gxf6 17. d5 Qe7 18. Qh4 Kg7 19. Re1 Re8 20. Qh5 Kh8 21. Re4 Rg8 22. Rae1 f5 23. Rh4 Rg7 24. Qh6 Re8 25. Rh5 Qd7 26. Kf1 Re7 27. Ng5 Bf4 28. Qf6 Kg8 29. dxe6 fxe6 30. Nh3 Bd2 31. Re2 Qd3 32. Qa1 Bc3 33. Qc1 Rd7 34. g3 Bd2 35. Qa1 f4 36. Nxf4 Bxf4 37. Qf6 Qd1+ 0-1

[Event "26th Zadar Open 2019"]
[Site "Zadar"]
[Date "2019.12.18"]
[Round "5.8"]
[White "Hnydiuk, Aleksander"]
[Black "Ghersinich, Enrico"]
[Result "0-1"]
[ECO "D40"]
[WhiteElo "2423"]
[BlackElo "2157"]
[Annotator "NA"]
[PlyCount "110"]
[EventDate "2019.12.15"]
[EventType "swiss"]
[EventCountry "CRO"]
[SourceTitle "playchess.com"]
[Source "ChessBase"]
[SourceQuality "1"]
[TimeControl "40/5400+30:1800+30"]

1. Nf3 d5 2. d4 Nf6 3. c4 dxc4 4. e3 e6 5. Bxc4 a6 6. O-O c5 7. Nc3 Nc6 8. a3 b5 9. Ba2 Bb7 10. Qe2 Qc7 11. Rd1 Rd8 12. d5 $11 exd5 13. Nxd5 Nxd5 14. Bxd5 Be7 15. e4 O-O 16. g3 c4 17. Bf4 Qb6 18. h4 Bc5 19. Kg2 Bc8 20. Be3 Bxe3 21. Qxe3 Qxe3 22. fxe3 Ne7 23. Ne5 Nxd5 24. exd5 Rfe8 25. Nc6 Rd6 26. a4 Bb7 27. axb5 axb5 28. Nb4 Rxe3 29. Ra7 Bc8 30. Ra8 Re8 31. Kf2 g6 32. Rb8 Rf6+ 33. Kg1 Rf3 34. d6 Rxg3+ 35. Kf2 Rb3 36. Rxc8 Rxb2+ 37. Kf3 Rxc8 38. d7 Rd8 39. Nc6 Rxd7 40. Rxd7 c3 41. Rc7 b4 42. h5 gxh5 43. Ne7+ Kg7 44. Rc6 f6 45. Nd5 c2 46. Kf4 b3 47. Rc7+ Kf8 48. Rc8+ Kf7 49. Rc7+ Ke8 50. Rc8+ Kd7 51. Nb6+ Ke7 52. Nd5+ Kd6 53. Nb4 Rb1 54. Nxc2 Rc1 55. Ke3 Rxc2 0-1

[Event "26th Zadar Open 2019"]
[Site "Zadar"]
[Date "2019.12.18"]
[Round "5.9"]
[White "Rudolf, Michal"]
[Black "Nguyen, Piotr"]
[Result "1/2-1/2"]
[ECO "C01"]
[WhiteElo "2328"]
[BlackElo "2413"]
[Annotator "NA"]
[PlyCount "64"]
[EventDate "2019.12.15"]
[EventType "swiss"]
[EventCountry "CRO"]
[SourceTitle "playchess.com"]
[Source "ChessBase"]
[SourceQuality "1"]
[TimeControl "40/5400+30:1800+30"]

1. e4 e6 2. d4 d5 3. exd5 exd5 4. Nf3 Nc6 5. Bb5 Bd6 6. c4 dxc4 7. d5 a6 8. Ba4 b5 9. dxc6 bxa4 10. O-O Ne7 11. Qxa4 O-O 12. Nbd2 $11 c3 13. bxc3 Qe8 14. Nd4 Bb7 15. Nc4 Nxc6 16. Nxd6 cxd6 17. Nxc6 Qxc6 18. Qxc6 Bxc6 19. Bf4 d5 20. Rfe1 Rfe8 21. f3 f6 22. Kf2 Bb5 23. Bd6 Kf7 24. Rxe8 Rxe8 25. Re1 Rxe1 26. Kxe1 Ke6 27. Bc5 Bc4 28. a3 Bb5 29. Bd4 Bc4 30. Bc5 Bb5 31. Bd4 Bc4 32. Bc5 Bb5 1/2-1/2

[Event "26th Zadar Open 2019"]
[Site "Zadar"]
[Date "2019.12.18"]
[Round "5.11"]
[White "Sinanovic, Muhamed"]
[Black "Spalir, Jernej"]
[Result "1/2-1/2"]
[ECO "C00"]
[WhiteElo "2309"]
[BlackElo "2429"]
[Annotator "NA"]
[PlyCount "88"]
[EventDate "2019.12.15"]
[EventType "swiss"]
[EventCountry "CRO"]
[SourceTitle "playchess.com"]
[Source "ChessBase"]
[SourceQuality "1"]
[TimeControl "40/5400+30:1800+30"]

1. g3 Nf6 2. Bg2 d5 3. Nf3 e6 4. O-O c5 $11 5. d3 Nc6 6. Nbd2 Be7 7. e4 O-O 8. Re1 b5 9. e5 Nd7 10. Nf1 Bb7 11. h4 Qc7 12. Bf4 Rfc8 13. h5 h6 14. N1h2 Qd8 15. Qd2 a5 16. Ng4 Bf8 17. c3 a4 18. Bf1 d4 19. c4 Nb6 20. Nfh2 Ne7 21. Rac1 Nf5 22. f3 Be7 23. Nf2 bxc4 24. dxc4 Bg5 25. Bxg5 Qxg5 26. Qxg5 hxg5 27. g4 Ne3 28. Nd1 Nxd1 29. Rcxd1 Rcb8 30. Bd3 Ba6 31. b3 axb3 32. axb3 Nd7 33. Rb1 Bb7 34. Re2 Bc6 35. Kf2 Ra3 36. Bc2 d3 37. Bxd3 Rbxb3 38. Rxb3 Rxb3 39. Re3 Kf8 40. Nf1 Bb7 41. Nd2 Ra3 42. Nb1 Rb3 43. Nd2 Ra3 44. Nb1 Rb3 1/2-1/2

[Event "26th Zadar Open 2019"]
[Site "Zadar"]
[Date "2019.12.18"]
[Round "5.12"]
[White "Moksh Amit Doshi"]
[Black "Dixit, Nikhil"]
[Result "0-1"]
[ECO "E62"]
[WhiteElo "2399"]
[BlackElo "2318"]
[Annotator "NA"]
[PlyCount "76"]
[EventDate "2019.12.15"]
[EventType "swiss"]
[EventCountry "CRO"]
[SourceTitle "playchess.com"]
[Source "ChessBase"]
[SourceQuality "1"]
[TimeControl "40/5400+30:1800+30"]

1. d4 Nf6 2. c4 g6 3. g3 Bg7 4. Bg2 O-O 5. Nc3 d6 6. Nf3 c6 7. O-O Bf5 8. Ne1 e5 9. d5 cxd5 10. cxd5 Qd7 11. e4 Bh3 12. Nd3 Bxg2 13. Kxg2 Na6 14. b4 Rfc8 15. Qb3 Qc7 16. Bd2 Qc4 17. Qxc4 Rxc4 18. Rfd1 Nxe4 19. Nxe4 Rxe4 20. Rac1 Rd4 21. b5 Rxd3 22. bxa6 bxa6 23. Be3 Rxd1 24. Rxd1 Rb8 25. Rc1 Bf8 26. Rc6 a5 27. Ra6 Rb5 28. a4 Rxd5 29. Rxa7 Kg7 30. Bb6 Rd2 31. Rxa5 Rb2 32. Rb5 Ra2 33. a5 Kf6 34. Bc7 Ke6 35. Rb8 Be7 36. Bb6 d5 37. Rb7 d4 38. Rc7 d3 0-1

[Event "26th Zadar Open 2019"]
[Site "Zadar"]
[Date "2019.12.18"]
[Round "5.13"]
[White "Bukal, Vladimir Jr."]
[Black "Mitev, Valentin"]
[Result "1/2-1/2"]
[ECO "D02"]
[WhiteElo "2393"]
[BlackElo "2233"]
[Annotator "NA"]
[PlyCount "67"]
[EventDate "2019.12.15"]
[EventType "swiss"]
[EventCountry "CRO"]
[SourceTitle "playchess.com"]
[Source "ChessBase"]
[SourceQuality "1"]
[TimeControl "40/5400+30:1800+30"]

1. d4 d5 2. Nf3 Nf6 3. Bf4 c5 4. e3 Nc6 5. Bb5 Qa5+ 6. Nc3 Ne4 7. O-O Nxc3 8. Bxc6+ bxc6 9. bxc3 Qxc3 10. e4 dxe4 $15 11. Ng5 Bf5 12. Qe2 e5 13. Bxe5 f6 14. Nxe4 Bxe4 15. Qxe4 Kf7 16. Qxc6 Be7 17. Rab1 Rad8 18. Bc7 Rxd4 19. Rfe1 Qc4 20. Ba5 Bd6 21. c3 Rd5 22. Rb4 Qd3 23. Qb7+ Kg6 24. Rg4+ Rg5 25. Rxg5+ fxg5 26. Re6+ Kh5 27. Re1 Kg6 28. g3 Rf8 29. Qc6 Kh6 30. Qe4 Qf3 31. Qxf3 Rxf3 32. Re6+ Rf6 33. Re4 Rf5 34. Re6+ 1/2-1/2

[Event "26th Zadar Open 2019"]
[Site "Zadar"]
[Date "2019.12.18"]
[Round "5.14"]
[White "Sai Agni Jeevitesh, J."]
[Black "Bratovic, Blaz"]
[Result "0-1"]
[ECO "D32"]
[WhiteElo "2301"]
[BlackElo "2359"]
[Annotator "NA"]
[PlyCount "82"]
[EventDate "2019.12.15"]
[EventType "swiss"]
[EventCountry "CRO"]
[SourceTitle "playchess.com"]
[Source "ChessBase"]
[SourceQuality "1"]
[TimeControl "40/5400+30:1800+30"]

1. Nf3 Nf6 2. c4 e6 3. e3 d5 4. Nc3 Be7 5. b3 c5 6. cxd5 exd5 7. d4 O-O 8. Be2 Nc6 9. O-O Bg4 10. dxc5 Bxc5 11. Bb2 a6 12. Rc1 Ba7 13. Nd4 Bxd4 14. Bxg4 Be5 15. Bf3 Qa5 16. Qe2 Rad8 17. Na4 Rfe8 18. Rfd1 d4 19. Bxc6 bxc6 20. Rxc6 d3 21. Qd2 Bxh2+ 22. Kf1 Qh5 23. Bxf6 Be5 24. f4 Bxf6 25. Rxf6 gxf6 26. Nb2 Kh8 27. Nxd3 Rg8 28. Kf2 Qh4+ 29. Kg1 Rg6 30. Qe2 Rdg8 31. Ne1 Rh6 32. Qf3 Qh1+ 33. Kf2 Rhg6 34. Rd7 Qh4+ 35. Ke2 Rg3 36. Qd5 Re8 37. Nc2 Qxf4 38. Rxf7 Rgxe3+ 39. Nxe3 Qxe3+ 40. Kd1 Qe2+ 41. Kc1 Rc8+ 0-1